Map: Catalyst LE

Players

Seismic

  • Race: Terran Terran
  • League: Gold
  • Spawn Location: 11:00

A.I. 1 (Easy) - Winner!

  • Race: Zerg Zerg
  • Spawn Location: 5:00

VOD

Have the link to the VOD?

Description

Time

  • Played on: March 6, 2018, 8:30 p.m.
  • Length: 8:17
Show
View Real Time Build Order
Export as new Build Order

Seismic Terran 

Build Orders:  

Get SALT Encoding   

  12  0:01  SCV  
  13  0:13  SCV  
  14  0:17  Supply Depot  
  14  0:25  SCV  
  15  0:28  Refinery  
  15  0:39  SCV  
  16  0:46  Barracks  
  16  0:51  SCV  
  17  1:03  SCV  
  18  1:15  SCV  
  19  1:33  Barracks Reactor  
  19  1:34  Orbital Command  
  19  1:49  Command Center  
  18  2:01  Factory  
  18  2:04  SCV  
  19  2:17  SCV, Supply Depot  
  20  2:23  Refinery  
  20  2:27  Marine  
  20  2:29  SCV  
  22  2:30  Marine  
  23  2:41  SCV  
  24  2:47  Factory Tech Lab  
  24  2:48  Starport  
  24  2:53  SCV  
  25  3:01  Marine  
  25  3:02  Marine  
  25  3:04  Orbital Command  
  27  3:06  SCV  
  28  3:16  Siege Tank  
  31  3:21  SCV  
  32  3:29  Marine x2  
  32  3:31  Supply Depot  
  32  3:34  SCV x2  
  36  3:46  Marine  
  36  3:47  Marine  
  36  3:48  Siege Tank, SCV  
  41  3:49  SCV  
  41  3:55  Supply Depot  
  43  4:00  SCV  
  43  4:02  SCV  
  45  4:08  Marine x2  
  47  4:12  SCV  
  47  4:14  SCV  
  49  4:18  Supply Depot  
  49  4:20  Siege Tank  
  52  4:25  SCV  
  52  4:26  SCV  
  52  4:27  Marine x2  
  56  4:37  SCV  
  56  4:38  SCV  
  58  4:41  Supply Depot  
  58  4:43  Refinery  
  58  4:44  Refinery  
  58  4:51  Barracks  
  58  4:53  Barracks  
  58  4:56  Marine x2  
  58  4:58  Siege Tank  
  63  5:05  Supply Depot  
  63  5:06  SCV x2  
  65  5:16  Engineering Bay  
  65  5:19  SCV x2  
  67  5:23  Marine x2  
  69  5:29  Starport Reactor  
  69  5:30  Siege Tank  
  69  5:33  SCV x2  
  74  5:45  Supply Depot  
  74  5:47  Barracks Tech Lab x2, Supply Depot  
  74  5:49  SCV  
  76  5:50  SCV  
  76  5:51  Marine  
  76  5:52  Marine  
  78  6:02  Siege Tank  
  81  6:04  Barracks  
  81  6:05  Barracks, SCV x2  
  81  6:09  Marine  
  84  6:13  Terran Infantry Weapons Level 1, Supply Depot  
  84  6:15  Supply Depot  
  84  6:17  SCV  
  84  6:18  SCV  
  86  6:23  Marine  
  86  6:24  Marine  
  86  6:25  Marine  
  89  6:28  Medivac x2  
  93  6:34  Siege Tank  
  96  6:43  Marine x2  
  98  6:52  Barracks Reactor  
  98  6:53  Marine x2, Barracks Reactor  
  100  6:58  Medivac x2  
  104  7:03  Marine  
  104  7:04  Marine  
  104  7:06  Siege Tank  
  109  7:10  Marine  
  109  7:11  Marine  
  109  7:15  Supply Depot  
  111  7:17  Supply Depot  
  111  7:25  Marine x2  
  111  7:28  Marine, Medivac x2  
  118  7:36  Marine x5  
  123  7:38  Siege Tank, Supply Depot  
  123  7:40  Supply Depot  
  123  7:44  Marine x2  
  126  7:46  Marine  
  129  7:54  Marine x5  
Show
View Real Time Build Order
Export as new Build Order

A.I. 1 (Easy) Zerg - Winner!

Build Orders: Pool First 

Get SALT Encoding   

  12  0:01  Drone  
  13  0:12  Overlord  
  13  0:17  Drone  
  14  0:31  Drone  
  14  0:35  Drone  
  16  0:42  Spawning Pool  
  15  0:45  Drone  
  15  0:48  Extractor  
  15  0:51  Drone  
  16  0:58  Overlord  
  16  1:29  Zergling x2  
  16  1:31  Queen  
  19  1:33  Roach Warren  
  19  1:34  Extractor  
  19  1:36  Drone  
  18  1:41  Drone  
  18  1:42  Zergling x2  
  20  1:55  Drone  
  21  2:05  Overlord  
  21  2:12  Drone  
  22  2:23  Drone  
  23  2:33  Drone  
  24  2:38  Drone, Roach  
  24  2:42  Drone  
  28  3:02  Ravager, Roach  
  31  4:07  Zergling x2  
  31  5:23  Lair, Drone, Overlord, Roach  
  31  5:27  Drone  
  35  5:41  Drone, Overlord, Roach  
  38  5:45  Drone  
  39  5:59  Roach  
  34  6:16  Zergling x2  
  35  6:23  Overseer  
  35  6:24  Overseer  
  35  6:25  Hydralisk Den  
  34  6:33  Roach  
  34  6:37  Hatchery  
  34  6:38  Drone  
  36  6:53  Hydralisk  
  38  7:10  Hydralisk  
  40  7:49  Drone  
  41  7:54  Drone  
  42  7:58  Drone  
  42  8:01  Extractor  
  42  8:03  Drone  
  42  8:04  Extractor  
Tags
 
League
Gold
Matchup
TvZ
Opening
Pool First
Spawn Locations
Cross Positions
Add a new tag
Caveats
  • Supply blocks, unpowered buildings, or Contaminate may cause inaccurate times.
  • Supply counts are checked every 10 seconds.